 Dungeon Crawl Stone Soup version 0.30-a0-721-ga6a225cb13 (webtiles) character file.

Game seed: 16688609806309146192

3250 Fenrisus the Covert (level 9, -1/47 HPs)
             Began as a Spriggan Brigand on Jan 27, 2023.
             Was a Follower of Dithmenos.
             Killed by divine providence
             ... invoked by an orc priest
              (12 damage)
             ... on level 8 of the Dungeon.
             The game lasted 00:38:14 (8618 turns).

Fenrisus the Covert (Spriggan Brigand)              Turns: 8618, Time: 00:38:15

Health: -1/47      AC:  6    Str: 13    XL:     9   Next: 67%
Magic:  10/10      EV: 24    Int: 12    God:    Dithmenos [*.....]
Gold:   505        SH:  0    Dex: 23    Spells: 8/8 levels left

rFire   . . .      SeeInvis +    a - +3 dagger (flame)
rCold   . . .      Faith    .    (no shield)
rNeg    . . .      Spirit   .    p - +1 robe {Will+}
rPois   +          Reflect  .    (helmet restricted)
rElec   +          Harm     .    h - +2 cloak {Will+}
rCorr   +          Rampage  .    (gloves unavailable)
Will    ++++.                    (boots unavailable)
Stlth   ++++++                   (no amulet)
HPRegen 0.27/turn                z - ring of resist corrosion
MPRegen 0.12/turn                i - ring of Buxilej {rElec rPois Will+ Str+6 Dex+2}

@: wreathed by umbra, very quick
A: very small, no large weapons, unfitting armour, see invisible, speed 3
a: Renounce Religion


You were on level 8 of the Dungeon.
You worshipped Dithmenos.
Dithmenos was aware of your devotion.
You visited 2 branches of the dungeon, and saw 9 of its levels.

You collected 505 gold pieces.

Inventory:

Hand Weapons
 a - a +3 dagger of flaming (weapon)
 l - a +0 quick blade
 v - the +4 mace of Toguoryo {protect, Str+3}
   (You found it on level 3 of the Dungeon)

   Str:       It affects your strength (+3).
 y - a +2 dagger of venom
Missiles
 d - 20 poisoned darts (quivered)
 n - 3 curare-tipped darts
 q - a throwing net
Armour
 b - a +1 robe
 c - a +0 cloak
 h - a +2 cloak of willpower (worn)
 p - a +1 robe of willpower (worn)
 B - a +0 buckler
Magical Staves
 o - a staff of poison
Jewellery
 i - the ring of Buxilej (right hand) {rElec rPois Will+ Str+6 Dex+2}
   (You acquired it on level 4 of the Dungeon)

   [ring of strength]

   Str:       It affects your strength (+6).
   Dex:       It affects your dexterity (+2).
   rElec:     It insulates you from electricity.
   rPois:     It protects you from poison.
   Will:      It increases your willpower.
 u - a ring of positive energy
 x - an amulet of faith
 z - a ring of resist corrosion (left hand)
 A - a ring of see invisible
Wands
 e - a wand of mindburst (2)
 k - a wand of digging (6)
 r - a wand of paralysis (2)
 w - a wand of flame (10)
 D - a wand of quicksilver (8)
Scrolls
 j - a scroll of amnesia
 C - a scroll of enchant weapon
 E - a scroll of poison {unknown}
 F - a scroll of fear
 G - a scroll of teleportation
 H - a scroll of identify
 I - a scroll of magic mapping
Potions
 f - 2 potions of ambrosia {unknown}
 g - 2 potions of might
 m - a potion of degeneration {unknown}
 s - a potion of cancellation {unknown}
 t - a potion of brilliance {unknown}


   Skills:
 + Level 5.3 Fighting
 + Level 7.0 Short Blades
 + Level 6.4 Throwing
 + Level 8.0 Dodging
 + Level 11.2 Stealth


You had 8 spell levels left.
You didn't know any spells.
Your spell library contained the following spells:

 Spells                   Type           Power      Damage    Failure   Level
 Sandblast                Erth           0%         2d4       32%         1
 Cigotuvi's Dreadful Rot  Necr/Pois/Air  0%         N/A       45%         2
 Passwall                 Tmut/Erth      0%         N/A       45%         2
 Poisonous Vapours        Pois/Air       0%         N/A       45%         2
 Dazzling Flash           Conj/Hex       0%         N/A       69%         3
 Gell's Gravitas          Tloc           0%         N/A       69%         3
 Ignite Poison            Fire/Tmut/Pois 0%         N/A       69%         3
 Kindle Blastsparks       Fire/Tloc/Air  0%         2d10      69%         3
 Mephitic Cloud           Conj/Pois/Air  0%         N/A       69%         3
 Stone Arrow              Conj/Erth      0%         3d7       69%         3
 Teleport Other           Tloc           0%         N/A       69%         3
 Agony                    Necr           0%         N/A       100%        5
 Freezing Cloud           Conj/Ice/Air   0%         6-21      100%        5
 Silence                  Hex/Air        0%         N/A       100%        5
 Dispersal                Tloc           0%         N/A       100%        6


Dungeon Overview and Level Annotations

Branches:
Dungeon (8/15)             Temple (1/1) D:5
   Lair: D:8-11

Altars:
Ashenzari
Cheibriados
Dithmenos
Elyvilon
Fedhas
Gozag
Hepliaklqana
Kikubaaqudgha
Makhleb
Nemelex Xobeh
Okawaru
Qazlal
Ru
Sif Muna
Trog
Uskayaw
Wu Jian
Xom
Yredelemnul
Zin
The Shining One

Annotations:
D:4 Blork the orc, Grinder, Sigmund


Innate Abilities, Weirdness & Mutations

You are very small and have problems with some larger weapons.
You are too small for most types of armour.
You have supernaturally acute eyesight. (SInv)
You cover ground extremely quickly. (Speed+++)


Message History

You resist with almost no effort.
The orc warrior hits you with a +0 long sword!
You closely miss the orc warrior.
The orc warrior is lightly wounded.
You hit the orc warrior. You burn the orc warrior.
The orc warrior is moderately wounded.
The orc wizard gestures at you while chanting.
You resist with almost no effort.
The orc priest calls down the wrath of Beogh upon you.
Beogh smites you! The orc warrior completely misses you.
You barely miss the orc warrior.
The orc warrior is moderately wounded.
The orc priest closely misses you. The orc warrior barely misses you.
You barely miss the orc warrior.
The orc warrior is moderately wounded.
The bullfrog misses you.
You hit the orc warrior but do no damage.
The orc warrior is moderately wounded.
The bullfrog misses you.
The orc priest hits you but does no damage.
The orc warrior hits you with a +0 long sword.
You hit the orc warrior but do no damage.
The orc warrior is moderately wounded.
The bullfrog barely misses you.
You hit the orc warrior but do no damage.
The orc warrior is moderately wounded.
The bullfrog hits you. The orc wizard closely misses you.
The orc priest invokes the aid of Beogh against you.
Beogh smites you!
* * * LOW HITPOINT WARNING * * *
The orc warrior closely misses you.
There are monsters nearby!
The bullfrog closely misses you. The orc priest closely misses you.
The orc wizard misses you. The bullfrog misses you.
The orc priest closely misses you.
There is an open door here.
The orc priest calls down the wrath of Beogh upon you.
Beogh smites you!
You die...

........#
[.....))#
......)o+ ####
........# ..#
......o.# #.#
......o.#### #<#
........o..# #.#
........##F###.#
........##..@..#
........########
........#
#########


You could see an orc warrior, a bullfrog, an orc priest and an orc wizard
(invisible).

Vanquished Creatures
  Pikel (D:7)
  Maggie (D:6)
  Menkaure (D:7)
  Duvessa (D:7)
  A sky beast (D:7)
  2 black bears
  3 orc warriors
  An ice beast (D:5)
  A lemure (D:7)
  2 phantoms
  3 bullfrogs
  A gnoll sergeant (D:7)
  3 scorpions
  A water moccasin zombie (D:6)
  Dowan (D:7)
  A howler monkey (D:6)
  A jelly (D:7)
  A hound (D:6)
  4 orc priests (D:7)
  2 gnoll boudas (D:7)
  Jessica (D:3)
  2 iguanas
  6 orc wizards
  Terence (D:2)
  A killer bee zombie (D:6)
  Robin (D:3)
  13 gnolls
  6 adders
  An ufetubus (D:6)
  4 worms (D:2)
  5 dart slugs
  26 orcs
  5 ball pythons
  4 endoplasms
  A giant cockroach (D:2)
  21 goblins
  12 hobgoblins
  6 jackals (D:1)
  3 quokkas
  5 bats
  A frilled lizard (D:3)
  18 kobolds
  6 rats
181 creatures vanquished.

Vanquished Creatures (collateral kills)
  A kobold brigand (D:6)
  2 kobolds (D:6)
3 creatures vanquished.

Vanquished Creatures (others)
  A human (D:7)
1 creature vanquished.

Grand Total: 185 creatures vanquished

Notes
Turn   | Place    | Note
-------+----------+-------------------------------------------
     0 | D:1      | Fenrisus the Spriggan Brigand began the quest for the Orb.
     0 | D:1      | Reached XP level 1. HP: 10/10 MP: 2/2
    47 | D:1      | Found a faded altar of an unknown god.
    65 | D:1      | Reached skill level 6 in Stealth
   136 | D:1      | Reached XP level 2. HP: 15/15 MP: 3/3
   398 | D:1      | Reached XP level 3. HP: 18/18 MP: 4/4
   984 | D:2      | Reached XP level 4. HP: 13/23 MP: 5/5
  1253 | D:2      | Found a bloodstained altar of Trog.
  1368 | D:3      | Noticed Jessica
  1380 | D:3      | Killed Jessica
  1420 | D:3      | Noticed Terence
  1699 | D:2      | Killed Terence
  1848 | D:3      | Noticed Robin
  1894 | D:3      | Reached XP level 5. HP: 26/26 MP: 6/6
  2009 | D:3      | Identified the +4 mace of Toguoryo {protect, Str+3}
  2220 | D:3      | Killed Robin
  2351 | D:3      | Found a hide-covered altar of Uskayaw.
  2431 | D:3      | Reached skill level 7 in Stealth
  2742 | D:4      | Noticed Grinder
  2801 | D:4      | Found a white marble altar of Elyvilon.
  2853 | D:4      | Found a shimmering blue altar of Sif Muna.
  2859 | D:4      | Noticed a phantom
  2881 | D:4      | Killed a phantom
  2882 | D:4      | Reached XP level 6. HP: 15/32 MP: 7/7
  3028 | D:4      | Found an opulent altar of Gozag.
  3444 | D:4      | Noticed Blork the orc
  3485 | D:4      | Identified a scroll of acquirement
  3485 | D:4      | Acquired the ring of Buxilej {rElec rPois Will+ Str+6
                  | Dex+2}
  3765 | D:4      | Noticed Sigmund
  3917 | D:5      | Entered Level 5 of the Dungeon
  4336 | D:5      | Found a staircase to the Ecumenical Temple.
  4415 | D:5      | Noticed an ice beast
  4499 | D:6      | Reached XP level 7. HP: 27/36 MP: 8/8
  4502 | D:6      | Reached skill level 8 in Stealth
  4763 | Temple   | Entered the Ecumenical Temple
  4993 | Temple   | Became a worshipper of Dithmenos the Shadowed
  5175 | D:6      | Noticed Maggie
  5177 | D:6      | Killed Maggie
  5178 | D:6      | Reached skill level 5 in Dodging
  5211 | D:6      | Reached skill level 5 in Short Blades
  5211 | D:6      | Reached XP level 8. HP: 37/42 MP: 9/9
  5367 | D:6      | Reached skill level 9 in Stealth
  5382 | D:6      | Found a basalt altar of Yredelemnul.
  5636 | D:6      | Reached skill level 5 in Throwing
  6073 | D:5      | Found a glowing golden altar of the Shining One.
  6558 | D:7      | Reached * piety under Dithmenos
  6627 | D:7      | Noticed Pikel
  6698 | D:7      | Killed Pikel
  6699 | D:7      | Reached skill level 10 in Stealth
  6699 | D:7      | Reached XP level 9. HP: 46/46 MP: 10/10
  6761 | D:7      | Noticed Menkaure
  6780 | D:7      | Killed Menkaure
  7080 | D:7      | Reached skill level 5 in Fighting
  7506 | D:7      | Reached ** piety under Dithmenos
  7538 | D:7      | Reached skill level 11 in Stealth
  8002 | D:7      | Noticed Duvessa
  8004 | D:7      | Noticed Dowan
  8018 | D:7      | Killed Duvessa
  8027 | D:7      | Killed Dowan
  8265 | D:7      | Found an ancient bone altar of Kikubaaqudgha.
  8618 | D:8      | Killed from afar by an orc priest

Illustrated notes

Levels and vault maps discovered:
D:1:      saegor_arrival_miasma, layout_rooms,
          chequers_ecumenical_altar_simple_redux
D:2:      layout_rooms, basic_altar
D:3:      layout_loops_ring, eat_drink_and_be_merry_uskayaw, uniq_jessica,
          uniq_terence, uniq_robin
D:4:      layout_loops_corners, amcnicky_altar_gilded,
          mainiacjoe_overflow_catch_the_wave, uniq_blork_the_orc, uniq_sigmund,
          uniq_grinder
D:5:      layout_basic, kennysheep_mini, minmay_temple_entry_from_below_a,
          serial_curves, eino_curves_04, eino_curves_03, eino_curves_03
D:6:      layout_loops_cross, lemuel_zombie_altar_yredelemnul,
          dreamdust_wishing_well, uniq_maggie
D:7:      layout_loops_ring, tgw_kikubaaqudgha, enter_bailey_3, uniq_duvessa,
          uniq_menkaure, uniq_pikel
D:8:      minmay_bloctagon, layout_basic, minmay_misc_feat_more_columns
Temple:   eino_narrow_crystal_temple

Skill      XL: |  1  2  3  4  5  6  7  8  9 |
---------------+----------------------------+-----
Stealth        | 6 7 8 10 11 | 11.2
Dodging        | 2 3 4 5 7 8 |  8.0
Fighting       | 2 3 4 5 |  5.3
Short Blades   | 3 4 5 6 7 |  7.0
Throwing       | 3 4 5 6 |  6.4

Action                     |  1- 3 |  4- 6 |  7- 9 || total
---------------------------+-------+-------+-------++-------
  Melee: Dagger            |    74 |   182 |   344 ||   600
         Punch             |       |     2 |     9 ||    11
  Throw: Dart              |    62 |     1 |    33 ||    96
  Evoke: Wand              |     3 |     8 |    27 ||    38
    Use: Scroll            |       |    13 |     2 ||    15
         Potion            |       |     2 |     5 ||     7
   Stab: Sleeping          |     9 |    14 |     7 ||    30
         Distracted        |       |     1 |     1 ||     2
         Paralysed         |       |       |     2 ||     2
 Armour: Robe              |    13 |    19 |    27 ||    59
  Dodge: Dodged            |    49 |   140 |   289 ||   478

Table legend: (Time is in decaauts)
 A = Elapsed time spent in this place.
 B = Non-inter-level travel time spent in this place.
 C = Inter-level travel time spent in this place.
 D = Time resting spent in this place.
 E = Time spent auto-exploring this place.
 F = Levels seen in this place.
 G = Mean time per level.
                   A        B        C        D        E       F      G
               +--------+--------+--------+--------+--------+-----+--------+
         Total |   6004 |   3924 |   2080 |   1354 |   1297 |   9 |  667.1 |
       Dungeon |   5856 |   3805 |   2051 |   1354 |   1183 |   8 |  732.0 |
        Temple |    148 |    120 |     28 |      0 |    114 |   1 |  148.0 |
               +--------+--------+--------+--------+--------+-----+--------+

Top non-repeatable levels by time:
     D:7: 1651 daAuts
     D:4: 897 daAuts
     D:5: 812 daAuts
     D:2: 724 daAuts
     D:6: 669 daAuts
     D:3: 625 daAuts
     D:1: 439 daAuts
  Temple: 148 daAuts
     D:8: 35 daAuts
